 Dungeon Crawl Stone Soup version 0.28-a0-1286-g6bde065e89 (webtiles) character file.

Game seed: 7037303314540079870

159 funkygono the Firebug (level 5, 0/38 HPs)
             Began as a Draconian Fire Elementalist on Dec 26, 2021.
             Slain by Pikel (9 damage)
             ... on level 3 of the Dungeon.
             The game lasted 00:09:08 (4344 turns).

funkygono the Firebug (Draconian Fire Elementalist) Turns: 4344, Time: 00:09:08

Health: 0/38       AC:  6    Str: 10    XL:     5   Next: 17%
Magic:  0/9        EV: 12    Int: 17    God:
Gold:   189        SH:  0    Dex: 12    Spells: 0/10 levels left

rFire   . . .      SeeInvis .   i - +2 dagger (pain)
rCold   . . .      Faith    .   (no shield)
rNeg    . . .      Spirit   .   (armour unavailable)
rPois   .          Reflect  .   (helmet restricted)
rElec   .          Harm     .   k - +0 cloak
rCorr   .          Rampage  .   (no gloves)
Will    .....                   (no boots)
Stlth   ++........              l - amulet of regeneration
HPRegen 0.92/turn               (no ring)
MPRegen 0.11/turn               (no ring)

@: no status effects
A: AC +5, unfitting armour, cold-blooded
a: no special abilities


You were on level 3 of the Dungeon.
You visited 1 branch of the dungeon, and saw 4 of its levels.

You collected 189 gold pieces.

Inventory:

Hand Weapons
 b - a +0 short sword
 h - a +0 whip
 i - a +2 dagger of pain (weapon)
 n - a +3 quarterstaff of chaos
Missiles
 e - 90 stones
Armour
 k - a +0 cloak (worn)
Magical Staves
 g - a staff of poison
Jewellery
 l - an amulet of regeneration (around neck)
 m - an amulet of the acrobat
Scrolls
 c - a scroll of enchant weapon
 d - 5 scrolls of identify
 j - a scroll of vulnerability {unknown}
 o - a scroll of noise {unknown}
Potions
 a - a potion of mutation


   Skills:
 + Level 1.8 Dodging
 - Level 1.7 Stealth
 * Level 3.2 Spellcasting
 * Level 2.7 Conjurations
 * Level 4.4 Fire Magic


You couldn't memorise any spells.
You knew the following spells:

 Your Spells              Type           Power      Damage    Failure   Level
a - Foxfire               Conj/Fire      56%        2x1d6     4%          1
b - Scorch                Fire           34%        2d7       4%          2
c - Conjure Flame         Conj/Fire      14%        6-21      12%         3
d - Flame Wave            Conj/Fire      14%        2d5       36%         4

Your spell library contained the following spells:

 Spells                   Type           Power      Damage    Failure   Level
 Inner Flame              Hex/Fire       10%        N/A       21%         3


Dungeon Overview and Level Annotations

Branches:
Dungeon (4/15)
 Temple: D:4-7

Altars:

Annotations:
D:3 Pikel


Innate Abilities, Weirdness & Mutations

Your plain brown scales are hard. (AC +5)
You cannot fit into any form of body armour.
You are cold-blooded and may be slowed by cold attacks.


Message History

Pikel burns you.
You hit Pikel but do no damage.
Pikel is severely wounded.
Pikel misses you.
You closely miss Pikel.
Pikel is severely wounded.
Pikel closely misses you.
You closely miss Pikel.
Pikel is severely wounded.
Pikel hits you but does no damage.
You hit Pikel but do no damage.
Pikel is severely wounded.
Pikel hits you with a +1 whip of flaming.
Pikel burns you.
You hit Pikel.
Pikel is severely wounded.
Pikel closely misses you.
You hit Pikel but do no damage.
Pikel is severely wounded.
Pikel barely misses you.
You hit Pikel but do no damage. You tail-slap Pikel, but do no damage.
Pikel is severely wounded.
Pikel hits you with a +1 whip of flaming.
Pikel burns you.
You closely miss Pikel.
Your tail-slap misses Pikel.
Pikel is severely wounded.
Pikel hits you with a +1 whip of flaming!
Pikel burns you.
* * * LOW HITPOINT WARNING * * *
Pikel hits you with a +1 whip of flaming.
* * * LOW HITPOINT WARNING * * *
Pikel burns you.
* * * LOW HITPOINT WARNING * * *
Casting: Scorch (safe; 4% risk of failure)
Confirm with . or Enter, or press ? or * to list all spells.
Flames lash Pikel.
Pikel is almost dead.
Pikel's fire resistance burns away.
Pikel hits you with a +1 whip of flaming!
You die...

######### #.......#
#.#≈≈≈#.# ### #.#...#.#
#.# ######.#.<.#.####.#
#......#...#......#
#####.###..#._.#K####.#
...##.###..#.?.#@# #.#
...##......#≈≈≈#.# #.#
...##............# #.#
...##......##.#### #.#
...##......##.# #.#
...##......##.#######.#
...##......##.#.......#
...##.......#.#.#######
...##.........#....#


You could see Pikel (combustible).

Vanquished Creatures
  Crazy Yiuf (D:3)
  A centaur skeleton (D:4)
  4 adders
  A worm (D:3)
  4 dart slugs
  3 ball pythons
  3 bats
  3 endoplasms
  A giant cockroach (D:2)
  4 goblins
  9 hobgoblins
  7 jackals
  5 frilled lizards
  6 kobolds
  7 rats
59 creatures vanquished.

Vanquished Creatures (collateral kills)
  8 foxfires (D:2)
8 creatures vanquished.

Vanquished Creatures (others)
  188 foxfires
  16 fungi (D:1)
  4 plants (D:1)
208 creatures vanquished.

Grand Total: 275 creatures vanquished

Notes
Turn   | Place    | Note
-------+----------+-------------------------------------------
     0 | D:1      | funkygono the Draconian Fire Elementalist began the quest
                  | for the Orb.
     0 | D:1      | Reached XP level 1. HP: 14/14 MP: 3/3
   222 | D:1      | Reached XP level 2. HP: 20/20 MP: 3/5
   225 | D:1      | Learned a level 2 spell: Scorch
  1279 | D:2      | Reached XP level 3. HP: 26/26 MP: 1/6
  1657 | D:2      | Learned a level 3 spell: Conjure Flame
  1943 | D:2      | Reached skill level 4 in Fire Magic
  2241 | D:3      | Reached XP level 4. HP: 33/33 MP: 1/7
  2615 | D:3      | Found a faded altar of an unknown god.
  3164 | D:3      | Found a runed translucent door.
  3165 | D:3      | Noticed Crazy Yiuf
  3184 | D:3      | Killed Crazy Yiuf
  3639 | D:4      | Identified the +2 robe "Edaecyss" {Regen+ rCorr SInv}
  3944 | D:4      | Reached XP level 5. HP: 38/38 MP: 2/9
  4019 | D:4      | Learned a level 4 spell: Flame Wave
  4095 | D:4      | Noticed Pikel
  4095 | D:4      | Noticed a lemure
  4095 | D:4      | Noticed a lemure
  4096 | D:4      | Noticed a lemure
  4096 | D:4      | Noticed a lemure
  4344 | D:3      | Slain by Pikel

Illustrated notes

Levels and vault maps discovered:
D:1:      dpeg_arrival_water_fire, layout_rooms
D:2:      layout_loops_ring, minmay_hedge_maze
D:3:      layout_basic, nicolae_ecumenical_oubliette, uniq_crazy_yiuf_cottage
D:4:      layout_loops_corners, uniq_sigmund, uniq_pikel

Skill      XL: |  1  2  3  4 |
---------------+-------------+-----
Conjurations   | 2 |  2.7
Fire Magic     | 4 |  4.4
Spellcasting   | 3 |  3.2
Dodging        | |  1.8
Stealth        | |  1.7

Action                   |  1- 3 |  4- 6 || total
-------------------------+-------+-------++-------
Melee: Short sword       |    38 |       ||    38
       Tailslap          |     8 |     3 ||    11
       Dagger            |     1 |    21 ||    22
 Cast: Foxfire           |    60 |    58 ||   118
       Scorch            |     8 |    20 ||    28
  Use: Scroll            |       |     5 ||     5
       Potion            |       |     1 ||     1
Armor: Skin              |    14 |    18 ||    32
Dodge: Dodged            |    17 |    29 ||    46

Table legend: (Time is in decaauts)
 A = Elapsed time spent in this place.
 B = Non-inter-level travel time spent in this place.
 C = Inter-level travel time spent in this place.
 D = Time resting spent in this place.
 E = Time spent auto-exploring this place.
 F = Levels seen in this place.
 G = Mean time per level.
                   A        B        C        D        E       F      G
               +--------+--------+--------+--------+--------+-----+--------+
         Total |   4347 |   4279 |     68 |     63 |   3404 |   4 | 1086.8 |
       Dungeon |   4347 |   4279 |     68 |     63 |   3404 |   4 | 1086.8 |
               +--------+--------+--------+--------+--------+-----+--------+

Top non-repeatable levels by time:
     D:3: 1540 daAuts
     D:2: 1163 daAuts
     D:1: 859 daAuts
     D:4: 784 daAuts
